 Dungeon Crawl Stone Soup version 0.24-a0-269-g32ec7ca (webtiles) character file.

Game seed: 16187469652674167636

62 technobutter the Poker (level 4, -2/37 HPs)
             Began as a Merfolk Fighter on Apr 21, 2019.
             Slain by an orc priest (3 damage)
             ... on level 3 of the Dungeon.
             The game lasted 00:03:54 (1205 turns).

technobutter the Poker (Merfolk Fighter)            Turns: 1205, Time: 00:03:54

Health: -2/37      AC:  6    Str: 17    XL:     4   Next: 8%
Magic:  4/4        EV:  7    Int:  7    God:
Gold:   60         SH:  9    Dex: 13    Spells: 3/3 levels left

rFire    x . .     SeeInvis .   a - +0 trident
rCold    + . .     Gourm    .   c - +0 shield
rNeg     . . .     Faith    .   b - +0 scale mail
rPois    .         Spirit   .   (no helmet)
rElec    .         Reflect  .   (no cloak)
rCorr    .         Harm     .   (no gloves)
MR       .....                  (no boots)
Stlth    ..........             (no amulet)
HPRegen  0.12/turn              k - ring of ice
MPRegen  0.09/turn              (no ring)

@: no status effects
A: change form in water, swift swim, stealthy swim
a: no special abilities


You were on level 3 of the Dungeon.
You were not hungry.

You visited 1 branch of the dungeon, and saw 3 of its levels.

You collected 60 gold pieces.

Inventory:

Hand Weapons
 a - a +0 trident (weapon)
Armour
 b - a +0 scale mail (worn)
 c - a +0 shield (worn)
Jewellery
 k - a ring of ice (left hand)
Scrolls
 g - a scroll of remove curse {unknown}
 h - a scroll of magic mapping {unknown}
 i - a scroll of fog {unknown}
 j - 2 scrolls of teleportation
Potions
 d - a potion of might
Comestibles
 f - a ration


   Skills:
 + Level 3.8 Fighting
 + Level 3.9 Polearms
 + Level 2.5 Armour
 + Level 0.6 Dodging
 + Level 3.6 Shields


You had 3 spell levels left.
You didn't know any spells.
Your spell library was empty.

Dungeon Overview and Level Annotations

Branches:
Dungeon (3/15)

Altars:
Qazlal


Message History

You hit the orc but do no damage.
The orc is lightly wounded.
The orc priest invokes the aid of Beogh against you.
Beogh smites you!
* * * LOW HITPOINT WARNING * * *
The orc priest hits you.
* * * LOW HITPOINT WARNING * * *
You block the kobold's attack.
You hit the orc.
The orc is almost dead.
You block the orc priest's attack.
The orc priest calls upon Beogh to heal the orc priest.
The orc priest is healed somewhat.
You block the kobold's attack. The orc closely misses you.
The orc priest barely misses you.
You puncture the orc!
You kill the orc!
The orc priest calls down the wrath of Beogh upon you.
You barely resist. You block the orc's attack. The kobold closely misses you.
The orc priest hits you.
You die...

.... .... ...
## ..###.
####..#. ......
######.
####oo##.......
##..?o@)<.#
.......K...#
.##....$...).#
#........###
#..!.....#
.........(#
#..........#
...........#
.....>....#


You could see 2 orc priests, an orc and a kobold.

Vanquished Creatures
  Terence (D:2)
  A gnoll (D:1)
  A dart slug (D:1)
  A leopard gecko (D:3)
  An orc (D:3)
  3 bats
  A giant cockroach (D:2)
  3 goblins
  3 hobgoblins
  A frilled lizard (D:1)
  6 kobolds
  2 rats (D:2)
24 creatures vanquished.

Notes
Turn   | Place    | Note
-------+----------+-------------------------------------------
     0 | D:1      | technobutter the Merfolk Fighter began the quest for the
                  | Orb.
     0 | D:1      | Reached XP level 1. HP: 18/18 MP: 1/1
    76 | D:1      | Reached XP level 2. HP: 22/24 MP: 2/2
   295 | D:2      | Reached XP level 3. HP: 29/30 MP: 3/3
   399 | D:2      | Found a stormy altar of Qazlal.
   516 | D:2      | Noticed Terence
   531 | D:2      | Killed Terence
   750 | D:2      | Reached XP level 4. HP: 37/37 MP: 4/4
  1203 | D:3      | HP: 1/37 [orc priest (4)]
  1205 | D:3      | Slain by an orc priest

Levels and vault maps discovered:
D:1:      wander_arrival_fairy_ring, layout_basic,
          chequers_serial_rivers_small_3
D:2:      layout_basic, lemuel_crystal_altar, first_ration, uniq_terence
D:3:      layout_rooms, uniq_natasha

Action                   |  1- 3 |  4- 6 || total
-------------------------+-------+-------++-------
Melee: Trident           |   107 |     9 ||   116
  Use: Scroll            |     2 |       ||     2
  Eat: Ration            |       |     1 ||     1
Armor: Scale mail        |    33 |       ||    33
Dodge: Dodged            |    26 |     4 ||    30
Block: Shield            |    47 |     7 ||    54

Table legend:
 A = Non-vault XP
 B = Vault XP
 C = Vault XP percentage of total XP
 D = Non-vault monster count
 E = Vault monster count
 F = Vault count percentage of total count
                 A         B        C        D         E       F
            +---------+---------+-------+---------+---------+-------
      Total |      53 |      36 |  40.4 |      23 |       1 |   4.2
            +---------+---------+-------+---------+---------+-------
        D:1 |      27 |       0 |   0.0 |       8 |       0 |   0.0
        D:2 |      19 |      36 |  65.5 |      12 |       1 |   7.7
        D:3 |       7 |       0 |   0.0 |       3 |       0 |   0.0
            +---------+---------+-------+---------+---------+-------
